 Dungeon Crawl Stone Soup version 0.18.1-48-g4cf74bf (webtiles) character file.

198606 hannobal the Eclecticist (level 18, 0/124 HPs)
             Began as an Octopode Ice Elementalist on June 23, 2016.
             Was the Champion of Vehumet.
             Slain by Arachne
             ... wielding an uncursed staff of poison
              (22 damage)
             ... on level 2 of the Spider Nest on June 26, 2016.
             The game lasted 05:40:06 (74684 turns).

hannobal the Eclecticist (OpIE)                    Turns: 74684, Time: 05:40:07

Health: 0/124      AC: 12    Str:  9    XL:     18   Next: 45%
Magic:  5/46       EV:  9    Int: 28    God:    Vehumet [******]
Gold:   1042       SH:  0    Dex: 11    Spells: 11 memorised, 1 level left

rFire  + . .     SeeInvis +     b - +8 dagger of the Head {pierce, rN+}
rCold  + . .     Gourm    .     s - +2 buckler {AC+3}
rNeg   + + .     Faith    .     I - +0 hat
rPois  +         Spirit   .     R - amulet of regeneration
rElec  .         Dismiss  .     V - ring of magical power
rCorr  .         Reflect  .     L - ring of wizardry
SustAt .         Harm     .     k - ring of protection from fire
MR     +....                    Z - +2 ring of protection
Stlth  +++.......               u - ring of protection from cold
                                x - ring "Tunoxoze" {rPois rN+ Slay+5 Stlth-}
                                j - +5 ring of intelligence
                                z - ring of see invisible

@: lethally poisoned (0 -> 0), icy armour, about to teleport, corroded, held,
repel missiles, slow, somewhat resistant to hostile enchantments, fairly
stealthy
A: almost no armour, amphibious, 8 rings, constrict 8, camouflage 1, clumsy 1,
gelatinous body 1
a: Renounce Religion
}: 1/15 runes: decaying


You were on level 2 of the Spider Nest.
You worshipped Vehumet.
Vehumet was exalted by your worship.
You were not hungry.

You visited 6 branches of the dungeon, and saw 32 of its levels.
You also visited: Ice Cave.

You collected 3504 gold pieces.
You spent 2462 gold pieces at shops.

Inventory:

Hand Weapons
 b - the +8 dagger of the Head (weapon) {pierce, rN+}
   (You found it on level 4 of the Dungeon)

   It inflicts extra damage upon your enemies.
   It protects you from negative energy.
Armour
 s - a +2 buckler of protection (worn)
 I - a +0 hat (worn)
Magical Staves
 a - an uncursed staff of energy
Jewellery
 c - an uncursed ring of flight
 j - a +5 ring of intelligence (on tentacle)
 k - a ring of protection from fire (on tentacle)
 u - a ring of protection from cold (on tentacle)
 x - the ring "Tunoxoze" (on tentacle) {rPois rN+ Slay+5 Stlth-}
   (You bought it in a shop on level 2 of the Orcish Mines)

   [ring of positive energy]

   It affects your accuracy and damage with ranged weapons and melee attacks
   (+5).
   It protects you from poison.
   It protects you from negative energy.
   It makes you less stealthy.
 z - a ring of see invisible (on tentacle)
 D - an uncursed ring of resist corrosion
 L - a ring of wizardry (right tentacle)
 R - an amulet of regeneration (around mantle)
 V - a ring of magical power (left tentacle)
 Z - a +2 ring of protection (on tentacle)
Wands
 d - a wand of digging (4/24)
 l - a wand of teleportation (1/9)
 o - a wand of iceblast (4/15)
 p - a wand of disintegration (6/24)
 y - a wand of teleportation (5/9)
 K - a wand of acid (7/15)
 W - a wand of digging (3/24)
 X - a wand of acid (6/15)
Scrolls
 g - 2 scrolls of blinking
 i - 3 scrolls of identify
 m - 5 scrolls of magic mapping
 r - 7 scrolls of remove curse
 C - 5 scrolls of fear
 E - 4 scrolls of recharging
 Q - a scroll of silence
 T - 3 scrolls of teleportation
Potions
 n - 8 potions of haste
 v - 2 potions of invisibility
 A - 6 potions of curing
 B - 6 potions of lignification
 F - a potion of brilliance
 G - 2 potions of magic
 H - 5 potions of agility
 J - 3 potions of might
 O - 2 potions of heal wounds
 P - 4 potions of cancellation
Miscellaneous
 f - a lamp of fire (inert)
Comestibles
 q - 14 meat rations
 t - 4 bread rations


   Skills:
 + Level 11.2 Fighting
 - Level 10.0 Short Blades
   Level 3.1 Slings
 - Level 12.6 Dodging
 - Level 5.2 Stealth
 - Level 4.0 Shields
 - Level 15.2 Spellcasting
 - Level 12.0 Conjurations
   Level 1.1 Hexes
 - Level 9.0 Charms
 - Level 6.0 Summonings
 - Level 1.3 Translocations
 - Level 10.1 Ice Magic
 - Level 5.0 Air Magic
 - Level 6.0 Earth Magic
 - Level 1.2 Evocations


You had one spell level left.
You knew the following spells:

 Your Spells              Type           Power        Failure   Level  Hunger
a - Airstrike             Air            #####.....   1%          4    None
b - Blink                 Tloc           N/A          1%          2    None
c - Freeze                Ice            ####         1%          1    None
d - Summon Ice Beast      Ice/Summ       ######..     1%          4    None
h - Haste                 Chrm           ######..     4%          6    ####...
i - Iron Shot             Conj/Erth      ######....   1%          6    ####...
k - Bolt of Cold          Conj/Ice       ######....   1%          6    ####...
l - Lee's Rapid Deconstr  Erth           ######....   1%          5    None
o - Ozocubu's Armour      Chrm/Ice       ######..     1%          3    None
r - Repel Missiles        Chrm/Air       ######       1%          2    None
u - Orb of Destruction    Conj           ######....   2%          7    #####..


Dungeon Overview and Level Annotations

Branches:
Dungeon (15/15)            Temple (1/1) D:6            Lair (8/8) D:9
  Swamp (4/4) Lair:4       Spider (2/4) Lair:6        Slime (0/6) Lair:7
    Orc (2/2) D:10            Elf (0/3) Orc:2        Vaults (0/5) D:13
 Depths (0/5) D:15

Altars:
Ashenzari
Cheibriados
Dithmenos
Elyvilon
Fedhas
Gozag
Kikubaaqudgha
Makhleb
Nemelex Xobeh
Okawaru
Pakellas
Qazlal
Ru
Sif Muna
Trog
Vehumet
Xom
Yredelemnul
Zin
The Shining One
Jiyva

Shops:
D:8 [   D:9 :   D:11 :((   Orc:1 }   Orc:2 %*[=

Annotations:
Spider:2 Arachne


Innate Abilities, Weirdness & Mutations

You cannot wear most types of armour.
You are amphibious.
You can wear up to eight rings at the same time.
You can use your tentacles to constrict eight enemies at once.
Your skin changes colour to match your surroundings (Stealth).
Your rubbery body absorbs attacks (AC +1).
You are clumsy. (Dex -2)


Message History

Arachne stares at you and mumbles some strange words.
The poison arrow hits you!
You are poisoned.
You partially resist.
* * * LOW HITPOINT WARNING * * *
The entropy weaver mumbles some strange words.
The entropic weave corrodes you!
Your ice beast hits the wolf spider.
Your ice beast freezes the wolf spider!!
The demonic crawler hits your ice beast.
The demonic crawler closely misses your ice beast.
The demonic crawler hits your ice beast!
Read which item? (? for menu, Esc to quit)
As you read the scroll of teleportation, it crumbles to dust.
You feel strangely unstable.
You feel sick. Arachne closely misses you. The wolf spider hits your ice beast!
Your ice beast dies!
The entropy weaver casts a spell.
The entropic weave corrodes you!
Arachne hits you with a staff of poison!!
You die...

..#.^.###.#####....#.#^.§##.§....
......#....##......†#..§^# ......
.....#^.#...../....#.p§s## ##....
........[.......###..§..# ...
##.......##^##...##.§.### ..
#....##.#######..^§....#
###.##### ##sE.....# ###
##Hs...### # #@###### # ### #


You could see Arachne, an entropy weaver, a demonic crawler, a wolf spider, a
redback and a friendly fire elemental.

Vanquished Creatures
  Jorgrun (Swamp:3)
  A tentacled monstrosity (Swamp:3)
  Asterion (Spider:2)
  Frances (Swamp:1)
  Kirke (Lair:4)
  A fire giant (D:15)
  Azrael (D:12)
  A spark wasp (Spider:2)
  A fire dragon (D:15)
  Snorg (Lair:5)
  8 vault guards
  An entropy weaver (Spider:2)
  41 hydras
  An anaconda (shapeshifter) (D:15)
  A catoblepas (Lair:8)
  4 centaur warriors
  An ogre mage (Orc:2)
  A queen ant (Lair:4)
  13 alligators
  3 death yaks
  5 orc high priests (Orc:2)
  15 swamp dragons
  5 orc knights
  5 shambling mangroves
  An unseen horror (D:15)
  3 hill giants
  6 wolf spiders
  2 deep elf magi (D:12)
  3 orb spiders
  A wolf spider zombie (D:15)
  2 hornets
  6 orc sorcerers (Orc:2)
  21 ugly things
  4 manticores
  3 cyclopes
  2 griffons (Lair:7)
  9 elephants
  5 black mambas
  3 gargoyles
  28 spiny frogs
  2 rime drakes
  A kobold demonologist (D:13)
  3 demonic crawlers
  8 komodo dragons
  2 spriggan druids
  8 polar bears
  8 jumping spiders
  4 giant leeches
  6 two-headed ogres
  7 trolls
  2 boulder beetles
  13 bog bodies
  A snapping turtle (shapeshifter) (D:15)
  29 slime creatures
  5 blink frogs
  A hornet zombie (D:15)
  A centaur simulacrum (D:15)
  7 tarantellas
  2 shadows
  14 spriggans
  5 wraiths
  26 redbacks
  34 yaks
  A vampire (D:13)
  4 wyverns
  4 fire elementals
  A hill giant zombie (D:10)
  A basilisk (Lair:8)
  A hog (Lair:5)
  2 steam dragons
  Grum (D:10)
  7 hippogriffs
  A hungry ghost (D:11)
  28 vampire mosquitoes
  3 mottled dragons
  7 wargs
  7 soldier ants
  21 swamp worms
  3 hell hounds (D:12)
  12 water moccasins
  10 porcupines
  8 sky beasts
  23 orc warriors
  15 black bears
  11 swamp drakes
  An eye of draining (D:13)
  4 ice beasts
  8 phantoms
  16 wasps
  21 wolves
  10 ogres
  9 centaurs
  20 crocodiles
  The ghost of Galewin the Sneak, an amateur KoAs (D:3)
  4 big kobolds
  2 gnoll sergeants
  22 giant frogs
  7 scorpions
  A wyvern skeleton (D:7)
  3 killer bees
  2 wights (D:8)
  10 howler monkeys
  An electric eel (Lair:4)
  5 centaur zombies
  7 crimson imps
  A quasit (D:12)
  10 hounds
  A wasp zombie (D:8)
  14 jellies
  A giant frog skeleton (D:12)
  18 orc priests
  A giant frog zombie (D:13)
  31 orc wizards
  7 hell rats (Lair:6)
  12 iguanas
  37 worker ants
  A killer bee zombie (D:10)
  5 ogre zombies (D:10)
  12 sheep
  2 hound zombies
  3 worker ant zombies
  13 gnolls
  7 adders
  A howler monkey skeleton (D:10)
  65 river rats
  3 shadow imps
  5 oozes (D:11)
  An adder skeleton (D:5)
  3 adder zombies
  7 worms
  A dart slug (D:1)
  4 giant geckos
  80 orcs
  5 giant cockroaches
  6 goblins
  7 hobgoblins
  9 jackals
  13 kobolds
  7 quokkas
  A ball python (D:4)
  5 bats
  A giant cockroach zombie (D:5)
  3 giant newts
  3 goblin skeletons (D:10)
  2 goblin zombies (D:10)
  2 hobgoblin zombies (D:10)
  A jackal zombie (D:8)
  5 orc skeletons (D:10)
  7 orc zombies (D:10)
  A quokka zombie (D:7)
  5 rats
  A spectral orc (D:6)
  2 fulminant prisms (Lair:5)
  3 fungi
  2 plants
1164 creatures vanquished.

Vanquished Creatures (collateral kills)
  A catoblepas (Lair:6)
  7 death yaks
  Nergalle (Lair:3)
  An orc knight (Orc:2)
  A griffon (Lair:4)
  A cyclops (D:10)
  A wolf spider (Spider:1)
  An elephant (Lair:6)
  6 black mambas
  A spiny frog (Lair:1)
  A komodo dragon (Lair:1)
  A demonic crawler (Spider:1)
  A spriggan druid (Lair:8)
  A troll (Orc:2)
  A jumping spider (Spider:2)
  4 polar bears
  A two-headed ogre (D:8)
  A slime creature (Lair:6)
  8 blink frogs
  A spriggan (Lair:7)
  A tarantella (Spider:1)
  A wyvern (D:8)
  3 hippogriffs
  2 yaks (Lair:7)
  3 hungry ghosts
  2 hogs (Lair:5)
  A steam dragon (Lair:5)
  2 vampire mosquitoes
  8 soldier ants
  2 wargs (Orc:1)
  A water moccasin (Lair:6)
  3 porcupines
  7 orc warriors
  6 ogres
  2 centaurs
  13 wolves
  2 crocodiles
  4 giant frogs
  12 killer bees
  2 wights (D:8)
  A howler monkey (D:5)
  3 orc priests
  2 hounds
  A centaur skeleton (D:4)
  7 orc wizards
  An iguana (Lair:5)
  6 worker ants (Lair:4)
  8 sheep
  A gnoll (D:5)
  An adder (D:4)
  14 river rats
  A shadow imp (D:8)
  12 orcs
  2 jackals (D:4)
  2 fungi
180 creatures vanquished.

Vanquished Creatures (others)
  A spiny frog (Swamp:3)
  A polar bear (IceCv)
  An eye of draining (D:12)
  2 wolves (IceCv)
  A bush (Lair:3)
  43 fulminant prisms
  71 fungi
  24 plants
144 creatures vanquished.

Grand Total: 1488 creatures vanquished

Notes
Turn   | Place    | Note
--------------------------------------------------------------
     0 | D:1      | hannobal the Octopode Ice Elementalist began the quest for the Orb.
     0 | D:1      | Reached XP level 1. HP: 11/11 MP: 3/3
   466 | D:1      | Reached skill level 4 in Spellcasting
   466 | D:1      | Reached skill level 5 in Ice Magic
   466 | D:1      | Reached XP level 2. HP: 17/17 MP: 4/7
   986 | D:1      | Reached XP level 3. HP: 21/21 MP: 6/8
   994 | D:1      | Learned a level 3 spell: Ozocubu's Armour
   997 | D:1      | Learned a level 2 spell: Throw Frost
  1997 | D:2      | Reached skill level 1 in Charms
  2159 | D:2      | Reached XP level 4. HP: 17/27 MP: 7/10
  2166 | D:2      | Learned a level 4 spell: Summon Ice Beast
  3065 | D:3      | Reached XP level 5. HP: 31/31 MP: 8/11
  3110 | D:3      | Noticed Galewin's ghost (amateur KoAs)
  3120 | D:3      | Killed Galewin's ghost
  3356 | D:3      | Found a white marble altar of Elyvilon.
  4340 | D:4      | Reached XP level 6. HP: 31/36 MP: 8/12
  4572 | D:4      | Reached skill level 5 in Summonings
  5064 | D:4      | Got an ancient dagger
  5072 | D:4      | Identified the +8 dagger of the Head {pierce, rN+} (You found it on level 4 of the Dungeon)
  5084 | D:4      | Reached skill level 1 in Short Blades
  5084 | D:4      | Reached XP level 7. HP: 41/41 MP: 1/13
  5740 | D:4      | Reached skill level 1 in Fighting
  6221 | D:5      | Entered Level 5 of the Dungeon
  6966 | D:5      | Reached XP level 8. HP: 37/48 MP: 6/14
  6972 | D:5      | Learned a level 4 spell: Throw Icicle
  7668 | D:5      | Found a snail-covered altar of Cheibriados.
  7861 | D:6      | Found an ancient bone altar of Kikubaaqudgha.
  7966 | D:6      | Found a staircase to the Ecumenical Temple.
  7984 | Temple   | Entered the Ecumenical Temple
  9079 | D:6      | Found Zin's Purification Station.
  9083 | D:6      | Found a glowing silver altar of Zin.
  9086 | D:6      | Bought a potion of curing for 90 gold pieces
  9305 | D:6      | Reached skill level 5 in Conjurations
  9755 | D:6      | Found a basalt altar of Yredelemnul.
  9946 | D:6      | Reached XP level 9. HP: 47/53 MP: 5/15
 10359 | D:7      | Learned a level 2 spell: Repel Missiles
 10655 | D:7      | Reached skill level 5 in Spellcasting
 10742 | D:7      | Found a burning altar of Makhleb.
 10828 | D:7      | Reached skill level 1 in Air Magic
 12509 | D:8      | Found a stormy altar of Qazlal.
 12521 | D:8      | Reached skill level 6 in Spellcasting
 12865 | D:8      | Found Obezatakh's Antique Armour Boutique.
 12871 | D:8      | Bought a glowing buckler for 126 gold pieces
 12901 | D:8      | Reached skill level 1 in Shields
 13243 | D:8      | Found an ancient bone altar of Kikubaaqudgha.
 13245 | D:8      | Found a radiant altar of Vehumet.
 13251 | D:8      | Became a worshipper of Vehumet
 13259 | D:8      | Found a bloodstained altar of Trog.
 13286 | D:8      | Found a sacrificial altar of Ru.
 13699 | D:8      | Found an opulent altar of Gozag.
 13921 | D:8      | Reached XP level 10. HP: 53/60 MP: 10/19
 14136 | D:8      | Reached * piety under Vehumet
 14136 | D:8      | Offered knowledge of Sting by Vehumet.
 14904 | D:9      | Learned a level 2 spell: Blink
 14948 | D:9      | Reached skill level 7 in Spellcasting
 15531 | D:9      | Offered knowledge of Magic Dart by Vehumet.
 15533 | D:9      | Reached ** piety under Vehumet
 15786 | D:9      | Found Igruaj's Book Emporium.
 15793 | D:9      | Reached skill level 1 in Translocations
 15989 | D:9      | Found a glowing golden altar of the Shining One.
 16512 | D:9      | Reached skill level 8 in Spellcasting
 17268 | D:8      | Reached skill level 9 in Spellcasting
 17625 | D:9      | Found a staircase to the Lair.
 17669 | D:9      | Found a deep blue altar of Sif Muna.
 17802 | Lair:1   | Entered Level 1 of the Lair of Beasts
 17994 | Lair:1   | Noticed a spiny frog
 18003 | Lair:1   | Killed a spiny frog
 18003 | Lair:1   | Offered knowledge of Ignite Poison by Vehumet.
 18331 | Lair:1   | Noticed a spiny frog
 18337 | Lair:1   | Killed a spiny frog
 18458 | Lair:1   | Noticed a spiny frog
 18549 | Lair:1   | Noticed a spiny frog
 18568 | Lair:1   | Killed a spiny frog
 18568 | Lair:1   | Reached skill level 10 in Spellcasting
 18568 | Lair:1   | Reached XP level 11. HP: 57/64 MP: 0/25
 19238 | Lair:2   | Found a frozen archway.
 19249 | IceCv    | Entered an ice cave
 19251 | IceCv    | Identified a scroll of acquirement
 19269 | IceCv    | Reached *** piety under Vehumet
 20317 | Lair:2   | Offered knowledge of Fulminant Prism by Vehumet.
 20475 | Lair:2   | Reached skill level 11 in Spellcasting
 22107 | Lair:3   | Reached skill level 5 in Dodging
 22383 | Lair:3   | Reached **** piety under Vehumet
 22392 | Lair:3   | Learned a level 4 spell: Fulminant Prism
 22531 | Lair:3   | Noticed Nergalle
 22843 | Lair:3   | Reached skill level 1 in Hexes
 23043 | Lair:3   | Noticed a spectral orc warlord
 23275 | Lair:4   | Offered knowledge of Bolt of Draining by Vehumet.
 23651 | Lair:4   | Noticed a queen ant
 24392 | Lair:4   | Upgraded the game from 0.18.1-47-g9310371 to 0.18.1-48-g4cf74bf
 24516 | Lair:4   | Noticed a griffon
 24536 | Lair:4   | Killed a griffon
 24649 | Lair:4   | Reached XP level 12. HP: 74/74 MP: 11/27
 24771 | Lair:4   | Noticed a death yak
 24775 | Lair:4   | Noticed a death yak
 24787 | Lair:4   | Noticed a death yak
 24796 | Lair:4   | Noticed a death yak
 25366 | Lair:2   | Killed a death yak
 25366 | Lair:2   | Reached skill level 12 in Spellcasting
 25989 | Lair:3   | Killed a death yak
 26331 | Lair:4   | Killed a death yak
 26347 | Lair:4   | Killed a death yak
 26375 | Lair:4   | Killed a queen ant
 26540 | Lair:4   | Reached ***** piety under Vehumet
 26623 | Lair:4   | Offered knowledge of Airstrike by Vehumet.
 26794 | Lair:4   | Found a staircase to the Swamp.
 26854 | Lair:4   | Reached skill level 1 in Evocations
 27639 | Lair:5   | Noticed Kirke
 27717 | Lair:5   | Noticed a seven-headed hydra
 27828 | Lair:5   | Reached skill level 10 in Ice Magic
 28142 | Lair:5   | Killed a seven-headed hydra
 28361 | Lair:5   | Noticed Snorg
 28369 | Lair:5   | Killed Snorg
 29492 | Lair:5   | Reached skill level 13 in Spellcasting
 29498 | Lair:5   | Learned a level 4 spell: Airstrike
 29902 | Lair:5   | Got a faintly glowing hunting sling
 29903 | Lair:5   | Identified the cursed +1 hunting sling of Hell's Wrath {freeze, Str+4 Int+3 Dex-5} (You found it on level 5 of the Lair of Beasts)
 30365 | Lair:2   | Reached XP level 13. HP: 81/81 MP: 15/30
 30367 | Lair:2   | Reached skill level 5 in Fighting
 30880 | Lair:6   | Found a hole to the Spider Nest.
 32279 | Lair:6   | Offered knowledge of Ozocubu's Refrigeration by Vehumet.
 32617 | Lair:6   | Reached skill level 14 in Spellcasting
 33056 | Lair:7   | Found a staircase to the Slime Pits.
 35212 | Lair:8   | Entered Level 8 of the Lair of Beasts
 35604 | Lair:8   | Reached skill level 5 in Stealth
 36817 | Lair:8   | Reached XP level 14. HP: 88/88 MP: 18/32
 38241 | Lair:8   | Reached skill level 15 in Spellcasting
 38256 | Lair:7   | Learned a level 5 spell: Lee's Rapid Deconstruction
 38406 | Lair:7   | Reached skill level 1 in Earth Magic
 38538 | Lair:8   | Offered knowledge of Spellforged Servitor by Vehumet.
 39832 | Lair:7   | Reached skill level 5 in Earth Magic
 41366 | Lair:8   | Offered knowledge of Orb of Destruction by Vehumet.
 41375 | Lair:8   | Learned a level 7 spell: Orb of Destruction
 43714 | Lair:3   | Killed Nergalle
 43878 | D:10     | Entered Level 10 of the Dungeon
 43883 | D:10     | Noticed Grum
 43894 | D:10     | Killed Grum
 44356 | D:10     | Offered knowledge of Conjure Ball Lightning by Vehumet.
 45320 | D:10     | Found a staircase to the Orcish Mines.
 45661 | Orc:1    | Entered Level 1 of the Orcish Mines
 46046 | Orc:1    | Found Vedoun's Gadget Boutique.
 47658 | Orc:1    | Gained mutation: You are clumsy. (Dex -2) [potion of mutation]
 47658 | Orc:1    | Gained mutation: You are dopey. (Int -2) [potion of mutation]
 47658 | Orc:1    | Lost mutation: You are dopey. (Int -2) [potion of mutation]
 48066 | Orc:2    | Entered Level 2 of the Orcish Mines
 48146 | Orc:2    | Offered knowledge of Bolt of Cold by Vehumet.
 48157 | Orc:1    | Learned a level 6 spell: Bolt of Cold
 48306 | Orc:2    | Reached XP level 15. HP: 66/92 MP: 0/34
 48712 | Orc:2    | Reached skill level 10 in Conjurations
 49538 | Orc:2    | Found a staircase to the Elven Halls.
 50172 | Orc:2    | Found Vomeazar's Food Boutique.
 51537 | Orc:2    | Found Cetal's General Store.
 51548 | Orc:2    | Found Kefe's Armour Shoppe.
 51549 | Orc:2    | Found Nurokhau's Jewellery Shoppe.
 51643 | Orc:2    | Bought an uncursed ring of protection from cold for 350 gold pieces
 51643 | Orc:2    | Bought the ring "Tunoxoze" {rPois rN+ Slay+5 Stlth-} for 711 gold pieces
 52101 | D:11     | Found Jiess's Weapon Emporium.
 52638 | D:11     | Reached ****** piety under Vehumet
 52708 | D:11     | Found a viscous altar of Jiyva.
 52884 | D:11     | Offered knowledge of Poisonous Cloud by Vehumet.
 53130 | D:11     | Found Dyos's Book Boutique.
 53663 | D:11     | Found Vitri's Weapon Shoppe.
 53696 | D:12     | Reached skill level 1 in Slings
 54197 | D:12     | Noticed Azrael
 54455 | D:12     | Found an opulent altar of Gozag.
 54727 | D:12     | Killed Azrael
 54727 | D:12     | Reached skill level 5 in Short Blades
 55470 | D:11     | Got a fine flail {flame}
 55471 | D:11     | Identified the +8 flail "Xauv" {flame, +Inv} (You took it off an orc on level 11 of the Dungeon)
 56871 | D:13     | Found a gate to the Vaults.
 57300 | D:12     | Reached XP level 16. HP: 72/106 MP: 15/35
 58189 | D:13     | Found a deep blue altar of Sif Muna.
 59055 | D:14     | Reached skill level 10 in Fighting
 60035 | D:14     | Offered knowledge of Glaciate by Vehumet.
 60035 | D:14     | Offered knowledge of Shatter by Vehumet.
 60035 | D:14     | Offered knowledge of Tornado by Vehumet.
 60064 | D:14     | Learned a level 6 spell: Haste
 60637 | D:15     | Entered Level 15 of the Dungeon
 60831 | D:15     | Found a staircase to the Depths.
 61380 | D:15     | Reached skill level 5 in Charms
 63329 | Orc:2    | Bought an uncursed ring of see invisible for 210 gold pieces
 63582 | Lair:4   | Killed Kirke
 63631 | Swamp:1  | Entered Level 1 of the Swamp
 64258 | Swamp:1  | Noticed Frances
 64269 | Swamp:1  | Killed Frances
 65137 | Swamp:2  | Reached XP level 17. HP: 56/115 MP: 1/36
 65486 | Swamp:2  | Identified a +2 rod of clouds (13/13) (You found it on level 2 of the Swamp)
 66098 | Swamp:2  | Got an encrusted morningstar
 66099 | Swamp:2  | Identified the cursed +0 morningstar of a sewer {pain, rC+} (You found it on level 2 of the Swamp)
 66994 | Swamp:3  | Reached skill level 10 in Short Blades
 67452 | Swamp:3  | Noticed Jorgrun
 67609 | Swamp:3  | Killed Jorgrun
 67609 | Swamp:3  | Reached skill level 10 in Dodging
 68478 | Swamp:3  | Noticed a tentacled monstrosity
 68483 | Swamp:3  | Killed a tentacled monstrosity
 68871 | Swamp:4  | Entered Level 4 of the Swamp
 70288 | D:9      | Bought a book of the Earth for 975 gold pieces
 70295 | D:9      | Learned a level 6 spell: Iron Shot
 70837 | Swamp:4  | Reached XP level 18. HP: 120/120 MP: 9/37
 71851 | Swamp:4  | Got a decaying rune of Zot
 72104 | Spider:1 | Entered Level 1 of the Spider Nest
 72136 | Lair:6   | Reached skill level 5 in Air Magic
 73128 | Spider:2 | Noticed Asterion
 73376 | Spider:2 | Killed Asterion
 74660 | Spider:2 | Noticed Arachne
 74684 | Spider:2 | Slain by Arachne

Skill      XL: |  1  2  3  4  5  6  7  8  9 10 11 12 13 14 15 16 17 18 |
---------------+-------------------------------------------------------+-----
Stealth        | 3 5 |  5.2
Spellcasting   | 4 6 10 11 13 14 15 | 15.2
Summonings     | 4 5 6 |  6.0
Ice Magic      | 5 6 7 10 | 10.1
Charms         | 1 9 |  9.0
Short Blades   | 1 3 4 6 8 10 | 10.0
Fighting       | 1 2 4 5 8 10 11 | 11.2
Dodging        | 3 4 6 7 9 12 | 12.6
Conjurations   | 5 7 9 12 | 12.0
Air Magic      | 1 5 |  5.0
Shields        | 3 4 |  4.0
Translocations | 1 |  1.3
Hexes          | 1 |  1.1
Evocations     | 1 |  1.2
Earth Magic    | 5 6 |  6.0
Slings         | 2 3 |  3.1

Action                   |  1- 3 |  4- 6 |  7- 9 | 10-12 | 13-15 | 16-18 || total
-------------------------+-------+-------+-------+-------+-------+-------++-------
Melee: Dagger            |     3 |    11 |    96 |   302 |   460 |   378 ||  1250
       Constrict         |     3 |     2 |    15 |    70 |    82 |    53 ||   225
       Unarmed           |     1 |       |       |     6 |       |       ||     7
       Short sword       |     9 |       |       |       |       |       ||     9
       Tentacles         |     3 |     1 |    15 |    58 |    90 |    67 ||   234
       Spear             |     4 |       |       |       |       |       ||     4
       Staff             |       |       |     4 |       |       |       ||     4
       Trident           |       |       |       |    66 |    16 |       ||    82
       Hunting sling     |       |       |       |       |       |     1 ||     1
 Fire: Hunting sling     |       |     5 |     3 |       |   213 |   141 ||   362
Throw: Stone             |     4 |     1 |       |     4 |       |       ||     9
       Javelin           |       |       |     4 |    17 |       |       ||    21
 Cast: Freeze            |    26 |    56 |   141 |    75 |     5 |       ||   303
       Throw Frost       |    11 |    16 |    12 |     9 |       |       ||    48
       Ozocubu's Armour  |     4 |    15 |    45 |   120 |   187 |   129 ||   500
       Summon Ice Beast  |       |     7 |    42 |   128 |   108 |    16 ||   301
       Throw Icicle      |       |       |    21 |   161 |   331 |    28 ||   541
       Repel Missiles    |       |       |     1 |       |     1 |     2 ||     4
       Blink             |       |       |       |    21 |    32 |     7 ||    60
       Fulminant Prism   |       |       |       |    17 |    28 |       ||    45
       Airstrike         |       |       |       |       |   133 |    82 ||   215
       Lee's Rapid Decon |       |       |       |       |    94 |    50 ||   144
       Orb of Destructio |       |       |       |       |    19 |    24 ||    43
       Bolt of Cold      |       |       |       |       |   148 |   334 ||   482
       Haste             |       |       |       |       |       |     3 ||     3
       Iron Shot         |       |       |       |       |       |    29 ||    29
 Abil: Evoke Flight      |       |       |       |       |       |     2 ||     2
Evoke: Wand              |       |       |       |     3 |     1 |     4 ||     8
       Lamp of fire      |       |       |       |       |       |     2 ||     2
  Use: Scroll            |     5 |     5 |     4 |    14 |     8 |    12 ||    48
       Potion            |     3 |       |     1 |     1 |     1 |     6 ||    12
 Stab: Sleeping          |       |       |    14 |    13 |    13 |     6 ||    46
       Distracted        |       |       |     1 |     2 |     3 |     1 ||     7
       Petrifying        |       |       |       |     1 |       |       ||     1
  Eat: Chunk             |     3 |     9 |    26 |    39 |    81 |    47 ||   205
       Beef jerky        |     1 |       |     2 |     2 |     2 |     4 ||    11
       Pizza             |       |     2 |       |     2 |       |     3 ||     7
       Royal jelly       |       |       |     1 |     2 |     3 |     9 ||    15
       Bread ration      |       |       |     2 |     2 |       |     3 ||     7
       Fruit             |       |       |       |     6 |    35 |     6 ||    47
Armor: Skin              |     3 |     6 |    47 |   121 |   211 |   146 ||   534
Dodge: Dodged            |    10 |    33 |   148 |   271 |   486 |   297 ||  1245
       Deflected         |       |       |       |       |     5 |    14 ||    19
Block: Buckler           |       |       |    14 |   162 |   228 |   123 ||   527
